 Dungeon Crawl Stone Soup version 0.26.1-11-gd32895ea62 (webtiles) character file.

Game seed: 4934485759330689829

390 Zeld the Digger (level 6, -1/35 HPs)
             Began as a Gargoyle Earth Elementalist on June 16, 2021.
             Slain by an orc warrior
             ... wielding a +2 dire flail of protection
              (14 damage)
             ... on level 3 of the Dungeon.
             The game lasted 00:05:05 (3782 turns).

Zeld the Digger (Gargoyle Earth Elementalist)       Turns: 3782, Time: 00:05:06

Health: -1/35      AC:  7    Str: 11    XL:     6   Next: 80%
Magic:  3/11       EV: 12    Int: 18    God:
Gold:   168        SH:  0    Dex: 10    Spells: 2/12 levels left

rFire    . . .     SeeInvis .   (no weapon)
rCold    . . .     Faith    .   (no shield)
rNeg     + . .     Spirit   .   c - +0 robe
rPois    ∞         Reflect  .   l - +0 helmet
rElec    +         Harm     .   (no cloak)
rCorr    .         Rampage  .   (no gloves)
Will     .....                  (no boots)
Stlth    ++........             (no amulet)
HPRegen  0.11/turn              (no ring)
MPRegen  0.12/turn              (no ring)

@: no status effects
A: negative energy resistance 1, electricity resistance, unbreathing,
petrification resistance, miasma immunity, AC +4
a: no special abilities


You were on level 3 of the Dungeon.
You visited 1 branch of the dungeon, and saw 3 of its levels.

You collected 168 gold pieces.

Inventory:

Missiles
 b - 77 stones (quivered)
Armour
 c - a +0 robe (worn)
 l - a +0 helmet (worn)
Jewellery
 g - an uncursed ring of see invisible {unknown}
 o - a +6 ring of strength {unknown}
Scrolls
 a - a scroll of fear {unknown}
 d - a scroll of random uselessness {unknown}
 f - 4 scrolls of identify {unknown}
 i - 2 scrolls of remove curse {unknown}
 k - a scroll of blinking {unknown}
 q - a scroll of enchant armour {unknown}
 r - a scroll of enchant weapon {unknown}
 s - a scroll of teleportation {unknown}
Potions
 e - 2 potions of heal wounds {unknown}
 h - 3 potions of curing {unknown}
 j - 2 potions of ambrosia {unknown}
 m - a potion of berserk rage {unknown}
 n - a potion of attraction {unknown}
 p - a potion of lignification {unknown}
 t - a potion of mutation {unknown}


   Skills:
 + Level 2.2 Fighting
 + Level 2.4 Dodging
 + Level 3.4 Stealth
 * Level 3.5 Spellcasting
 + Level 1.2 Conjurations
 + Level 1.8 Transmutations
 * Level 5.4 Earth Magic


You had 2 spell levels left.
You knew the following spells:

 Your Spells              Type           Power        Failure   Level
a - Sandblast             Erth           44%          1%          1
b - Passwall              Tmut/Erth      13%          5%          2
c - Stone Arrow           Conj/Erth      30%          12%         3
d - Petrify               Tmut/Erth      16%          34%         4

Your spell library contained the following spells:

 Spells                   Type           Power        Failure   Level
 Lee's Rapid Deconstruct  Erth           11%          41%         5


Dungeon Overview and Level Annotations

Branches:
Dungeon (3/15)

Altars:
Fedhas
Hepliaklqana
Nemelex Xobeh
Xom


Innate Abilities, Weirdness & Mutations

You are resistant to torment.
Your stone body is resilient. (AC +4)
You are immune to poison.
You resist negative energy. (rN+)
You are resistant to electric shocks. (rElec)
You can survive without breathing.
You are immune to petrification.
You are immune to miasma.


Message History

Confirm with . or Enter, or press ? or * to list all spells.
You don't have enough magic to cast that spell.
The orc warrior hits you with a +2 dire flail of protection.
Your magical contamination has completely faded away.
There is an open door here.
The orc warrior completely misses you. The orc warrior completely misses you.
The orc warrior hits you with a +2 dire flail of protection.
The orc warrior hits you with a +2 dire flail of protection!
There is an open door here.
There is a stone staircase leading down here.
Casting: Passwall (safe; 5% risk of failure)
Confirm with . or Enter, or press ? or * to list all spells.
Aiming: Passwall (safe; 5% risk of failure)
Press: ? - help, Dir - move target A rock wall.
The orc warrior misses you.
You begin to meditate on the wall.
You continue meditating on the rock.
The orc warrior hits you with a +2 dire flail of protection!
You die...

##...#...................#
#....#...................#
'....#...................#
####.#...................########
#.......###...###.....#.......
#######.####..# #.....#.#####.
#....#..# #.....'.......
####[##.# #.....#...#### #<[.##@#
#.....#......( ######o#
#######..##### #.# #............#
#.# #.##########.. #.###.# ###
#.....# #######


You could see an orc warrior.

Vanquished Creatures
  Sigmund (D:2)
  An ogre (D:2)
  2 orc wizards (D:3)
  Robin (D:2)
  3 adders
  2 worms (D:2)
  A dart slug (D:2)
  A leopard gecko (D:2)
  An orc (D:3)
  2 giant cockroaches (D:1)
  10 hobgoblins
  3 jackals (D:1)
  A kobold (D:1)
  A quokka (D:2)
  A ball python (D:3)
  3 bats
  2 frilled lizards
  15 goblins
  7 rats
58 creatures vanquished.

Notes
Turn   | Place    | Note
-------+----------+-------------------------------------------
     0 | D:1      | Zeld the Gargoyle Earth Elementalist began the quest for
                  | the Orb.
     0 | D:1      | Reached XP level 1. HP: 10/10 MP: 3/3
   184 | D:1      | Reached XP level 2. HP: 10/16 MP: 0/5
   204 | D:1      | Learned a level 2 spell: Passwall
   691 | D:1      | Reached skill level 1 in Transmutations
   713 | D:1      | Reached skill level 4 in Earth Magic
  1412 | D:2      | Noticed Sigmund
  1662 | D:2      | Reached XP level 3. HP: 16/20 MP: 3/6
  1724 | D:2      | Killed Sigmund
  1725 | D:2      | Reached skill level 1 in Fighting
  1725 | D:2      | Reached XP level 4. HP: 20/26 MP: 0/8
  1725 | D:2      | Reached XP level 5. HP: 23/30 MP: 0/9
  1729 | D:2      | Learned a level 3 spell: Stone Arrow
  1734 | D:2      | Learned a level 4 spell: Petrify
  1845 | D:2      | Found a sparkling altar of Nemelex Xobeh.
  1886 | D:2      | Found a blossoming altar of Fedhas.
  1951 | D:2      | You fall into a shaft and drop 1 floor!
  2027 | D:2      | Noticed Robin
  2029 | D:2      | Killed Robin
  2163 | D:2      | Reached skill level 5 in Earth Magic
  2295 | D:2      | Reached XP level 6. HP: 31/35 MP: 7/10
  2987 | D:3      | Noticed an orc warrior
  2995 | D:3      | Reached skill level 1 in Conjurations
  3619 | D:3      | Found a hazy altar of Hepliaklqana.
  3620 | D:3      | Found a shimmering altar of Xom.
  3621 | D:3      | Noticed a spectral ugly thing
  3782 | D:3      | Slain by an orc warrior

Illustrated notes

Levels and vault maps discovered:
D:1:      minmay_arrival_four_loops, layout_basic, minivault_27
D:2:      layout_basic, fedhas_altar_2, nemelex_altar_shiori,
          kennysheep_another_room, uniq_sigmund, uniq_robin
D:3:      layout_basic, regret_index_temple_of_mockery, minmay_goblin_outpost

Skill      XL: |  1  2  3  4  5  6 |
---------------+-------------------+-----
Transmutations | 1 |  1.8
Earth Magic    | 4 5 |  5.4
Fighting       | 1 2 |  2.2
Dodging        | 2 |  2.4
Stealth        | 3 |  3.4
Spellcasting   | 3 |  3.5
Conjurations   | 1 |  1.2

Action                   |  1- 3 |  4- 6 || total
-------------------------+-------+-------++-------
Melee: Unarmed           |    35 |     2 ||    37
 Cast: Sandblast         |    37 |    61 ||    98
       Passwall          |       |     3 ||     3
       Stone Arrow       |       |     2 ||     2
Armor: Robe              |    20 |    11 ||    31
Dodge: Dodged            |    35 |    28 ||    63
